 Dungeon Crawl Stone Soup version 0.27.1-34-g3ba077fa99 (webtiles) character file.

Game seed: 7548476511918392148

93 zeram the Sneak (level 4, -1/27 HPs)
             Began as an Octopode Enchanter on Jan 2, 2022.
             Slain by a hobgoblin (3 damage)
             ... led by Robin
             ... on level 1 of the Dungeon.
             The game lasted 00:03:07 (2140 turns).

zeram the Sneak (Octopode Enchanter)                Turns: 2140, Time: 00:03:08

Health: -1/27      AC:  1    Str:  7    XL:     4   Next: 61%
Magic:  2/7        EV: 13    Int: 18    God:
Gold:   78         SH:  0    Dex: 12    Spells: 4/7 levels left

rFire    . . .     SeeInvis .   a - +1 dagger
rCold    . . .     Faith    .   (no shield)
rNeg     + . .     Spirit   .   (helmet restricted)
rPois    .         Reflect  .   (no amulet)
rElec    .         Harm     .   h - ring of positive energy
rCorr    .         Rampage  .   (no ring)
Will     .....                  (no ring)
Stlth    ++++......             (no ring)
HPRegen  0.09/turn              (no ring)
MPRegen  0.10/turn              (no ring)
                                (no ring)
                                (no ring)

@: mighty, brilliant, very slightly contaminated
A: almost no armour, amphibious, 8 rings, camouflage 1, gelatinous body 1,
(nimble swimmer 1), tentacles
a: no special abilities


You were on level 1 of the Dungeon.
You visited 1 branch of the dungeon, and saw 2 of its levels.

You collected 78 gold pieces.

Inventory:

Hand Weapons
 a - a +1 dagger (weapon)
Jewellery
 d - a ring of ice
 h - a ring of positive energy (left tentacle)
Scrolls
 b - a scroll of noise {unknown}
 f - a scroll of fear {unknown}
Potions
 g - a potion of ambrosia {unknown}


   Skills:
 - Level 1.0 Short Blades
 + Level 2.7 Dodging
 + Level 6.8 Stealth
 - Level 2.0 Spellcasting
 - Level 3.0 Hexes
 + Level 0.2 Ice Magic


You had 4 spell levels left.
You knew the following spells:

 Your Spells              Type           Power      Damage    Failure   Level
a - Corona                Hex            20%        N/A       5%          1
b - Ensorcelled Hibernat  Hex/Ice        22%        N/A       14%         2

Your spell library contained the following spells:

 Spells                   Type           Power      Damage    Failure   Level
 Confusing Touch          Hex            18%        N/A       16%         3
 Tukima's Dance           Hex            18%        N/A       16%         3
 Dazzling Flash           Conj/Hex       20%        N/A       28%         3


Dungeon Overview and Level Annotations

Branches:
Dungeon (2/15)

Altars:

Annotations:
D:2 Robin


Innate Abilities, Weirdness & Mutations

You cannot wear most types of armour.
You are amphibious.
You can wear up to eight rings at the same time.
Your skin changes colour to match your surroundings (Stealth+).
Your rubbery body absorbs attacks. (AC +1, EV +1)
((You are camouflaged near water. (Stealth+)))
You have tentacles for arms and can constrict up to eight enemies at once.


Message History

Press: ? - help, Shift-Dir - straight line, f/p - goblin
Aim: a goblin, wielding a +0 club and quivering stones (strong, chance to affect: 56%)
The goblin resists with significant effort.
The goblin unwields a +0 club.
The goblin wields a +0 hunting sling.
The goblin shoots a stone.
The stone misses you. Robin throws the goblin at you!
The goblin unwields a +0 hunting sling.
The goblin wields a +0 club.
The goblin hits you with a +0 club! The goblin hits you with a +0 club.
There is a stone staircase leading up, spattered with blood here.
The hobgoblin closely misses you. The goblin hits you with a +0 club!
* * * LOW HITPOINT WARNING * * *
You climb upwards.
There is a stone staircase leading down here.
Casting: Ensorcelled Hibernation (safe; 14% risk of failure)
Confirm with . or Enter, or press ? or * to list all spells.
Aiming: Ensorcelled Hibernation (safe; 14% risk of failure)
Press: ? - help, Shift-Dir - straight line, f - goblin
Aim: a goblin, wielding a +0 club and quivering stones (strong, chance to affect: 56%)
You miscast Ensorcelled Hibernation.
You are very lightly contaminated with residual magic.
Nothing appears to happen.
The hobgoblin closely misses you. The goblin closely misses you.
Casting: Ensorcelled Hibernation (safe; 14% risk of failure)
Confirm with . or Enter, or press ? or * to list all spells.
You don't have enough magic to cast this spell.
Unknown command.
The goblin unwields a +0 club.
The goblin wields a +0 hunting sling.
The goblin shoots a stone.
The stone hits you.
* * * LOW HITPOINT WARNING * * *
The goblin shoots a stone.
The stone closely misses you.
The hobgoblin no longer looks unusually strong.
The goblin no longer looks unusually strong.
The hobgoblin misses you.
It was a potion of brilliance.
You feel clever all of a sudden.
The hobgoblin hits you but does no damage.
It was a potion of might.
You feel very mighty all of a sudden. The hobgoblin hits you.
You die...

########..####.#..##.............
...............#..##............>
#########..###.#####.............
.............#.#...####.#.#######
###..........#.#.#.# #.#.# #
#.##...##....#.#.####.#.#
###.##...##.##.#.#.(..#.#.###
..#.##...##.##.#.#..#.#.#...#####
#.#.##...##..#.#@#..#.#.#........
#.#.##...###.#.#g#......#........
..#.##...###...#g#.##.######.....
#.....................# #.....
....................### #.....
#.............>.....# #.....
....................# #...).
....................## #.....
.....................# #.....


You could see a hobgoblin and a goblin.

Vanquished Creatures
  Terence (D:2)
  Natasha (D:2)
  A worm (D:2)
  A dart slug (D:1)
  3 bats
  3 endoplasms (D:1)
  A giant cockroach (D:1)
  4 goblins
  6 hobgoblins
  2 kobolds (D:1)
  5 quokkas
  A ball python (D:1)
  3 frilled lizards
  3 rats
35 creatures vanquished.

Notes
Turn   | Place    | Note
-------+----------+-------------------------------------------
     0 | D:1      | zeram the Octopode Enchanter began the quest for the Orb.
     0 | D:1      | Reached XP level 1. HP: 11/11 MP: 3/3
   192 | D:1      | Reached XP level 2. HP: 17/17 MP: 5/5
   521 | D:1      | Reached skill level 5 in Stealth
   777 | D:1      | Learned a level 2 spell: Ensorcelled Hibernation
   871 | D:1      | Reached XP level 3. HP: 21/21 MP: 3/6
  1178 | D:2      | Noticed Natasha
  1183 | D:2      | Killed Natasha
  1184 | D:2      | Reached skill level 6 in Stealth
  1531 | D:2      | Reached XP level 4. HP: 27/27 MP: 7/7
  1540 | D:2      | Noticed Terence
  1575 | D:2      | Killed Terence
  1746 | D:2      | Noticed Robin
  1782 | D:1      | HP: 1/27 [hobgoblin[Robin] (1)]
  2134 | D:1      | HP: 1/27 [goblin/stone[Robin] (5)]
  2140 | D:1      | Slain by a hobgoblin

Illustrated notes

Levels and vault maps discovered:
D:1:      psy_arrival_conway, layout_basic
D:2:      minmay_chambers_of_ones, layout_basic,
          shapermc_ecumenical_altar_starsandcircs, uniq_jessica, uniq_terence,
          uniq_natasha, uniq_robin

Skill      XL: |  1  2  3 |
---------------+----------+-----
Stealth        | 5 6 |  6.8
Short Blades   | |  1.0
Dodging        | |  2.7
Spellcasting   | |  2.0
Hexes          | |  3.0
Ice Magic      | |  0.2

Action                   |  1- 3 |  4- 6 || total
-------------------------+-------+-------++-------
Melee: Dagger            |    60 |    25 ||    85
       Tentacles         |    11 |     2 ||    13
       Constrict         |    13 |     6 ||    19
 Cast: Ensorcelled Hiber |     1 |    10 ||    11
  Use: Scroll            |     1 |       ||     1
       Potion            |       |     2 ||     2
 Stab: Sleeping          |    12 |     2 ||    14
Armor: Skin              |     3 |     2 ||     5
Dodge: Dodged            |    31 |    36 ||    67
